 Dungeon Crawl Stone Soup version 0.21-a0-504-g2eda330 (webtiles) character file.

504 slep the Poker (level 6, 0/48 HPs)
             Began as a Demonspawn Monk on Nov 25, 2017.
             Slain by an ice beast (3 damage)
             ... on level 4 of the Dungeon.
             The game lasted 00:13:15 (2042 turns).

slep the Poker (Demonspawn Monk)                    Turns: 2042, Time: 00:13:16

Health: 0/48       AC:  7    Str: 12    XL:     6   Next: 96%
Magic:  6/6        EV: 13    Int: 11    God:
Gold:   143        SH:  0    Dex: 17    Spells: 5/5 levels left

rFire    . . .     SeeInvis .   a - +0 spear
rCold    + . .     Gourm    .   (no shield)
rNeg     . . .     Faith    .   k - +0 scale mail
rPois    .         Spirit   .   (no helmet)
rElec    .         Reflect  .   m - +0 cloak
rCorr    .         Harm     .   (no gloves)
MR       .....                  (no boots)
Stlth    +.........             (no amulet)
HPRegen  0.16/turn              (no ring)
MPRegen  0.10/turn              (no ring)

@: no status effects
A: talons 1, repulsion field 1, cold resistance 1, powered by pain 1
a: no special abilities


You were on level 4 of the Dungeon.
You were not hungry.

You visited 1 branch of the dungeon, and saw 4 of its levels.
You also visited: Sewer.

You collected 143 gold pieces.

Inventory:

Hand Weapons
 a - a +0 spear (weapon)
Armour
 b - a +0 robe
 k - a +0 scale mail (worn)
 m - a +0 cloak (worn)
Scrolls
 d - 3 scrolls of fear {unknown}
 f - 2 scrolls of remove curse {unknown}
 g - 3 scrolls of enchant weapon {unknown}
 i - 2 scrolls of random uselessness {unknown}
 j - 2 scrolls of identify {unknown}
 o - 2 scrolls of blinking {unknown}
Potions
 e - a potion of flight {unknown}
 h - a potion of lignification
 n - a potion of degeneration {unknown}
Comestibles
 c - a bread ration
 l - 2 royal jellies
 p - 3 chunks of flesh


   Skills:
 + Level 4.3 Fighting
 + Level 4.9 Polearms
 + Level 2.2 Armour
 + Level 4.0 Dodging
 + Level 2.4 Stealth


You had 5 spell levels left.
You didn't know any spells.

Dungeon Overview and Level Annotations

Branches:
Dungeon (4/15)
 Temple: D:4-7

Altars:
Zin


Innate Abilities, Weirdness & Mutations

You have sharp toenails.
You are surrounded by a mild repulsion field. (EV +2)
Your flesh is cold resistant. (rC+)
You sometimes gain a little power by taking damage.


Message History

The ice beast is moderately wounded.
The ice beast barely misses you.
You hit the ice beast but do no damage.
The ice beast is moderately wounded.
Your scale mail prevents you from hitting the ice beast.
The ice beast is moderately wounded.
The ice beast hits you. The ice beast freezes you. You resist.
* * * LOW HITPOINT WARNING * * *
You hit the ice beast.
The ice beast is heavily wounded.
The ice beast hits you.
* * * LOW HITPOINT WARNING * * *
The ice beast freezes you. You resist.
* * * LOW HITPOINT WARNING * * *
You barely miss the ice beast. Your kick misses the ice beast.
The ice beast is heavily wounded.
The ice beast hits you.
* * * LOW HITPOINT WARNING * * *
The ice beast freezes you. You resist.
You die...

...#.# .##.##.
≈#..## ......
≈≈...#########....#
≈≈≈#.......# .....
≈≈≈≈.......# ....
≈≈≈........# #..#
≈≈≈........# #.%#
≈≈≈#.......# #Y#
≈≈.........# ###@#
≈#..)......# #...#
...##...#### #.###
...[...).## #.#
.##.......####.#
.##)...........#
..........######
.##.#....##
.##.#....#


You could see an ice beast.

Vanquished Creatures
  Blork the orc (D:4)
  A bullfrog (Sewer)
  3 orc wizards (D:4)
  A worker ant (D:4)
  8 adders
  11 oozes
  An adder skeleton (D:4)
  4 worms
  14 leopard geckos
  4 orcs (D:4)
  8 ball pythons
  12 giant cockroaches
  6 goblins
  8 hobgoblins
  4 jackals (D:4)
  2 quokkas
  8 bats (D:1)
  11 frilled lizards
  4 kobolds
  25 rats
136 creatures vanquished.

Notes
Turn   | Place    | Note
-------+----------+-------------------------------------------
     0 | D:1      | slep the Demonspawn Monk began the quest for the Orb.
     0 | D:1      | Reached XP level 1. HP: 18/18 MP: 1/1
    75 | D:1      | Gained mutation: You have sharp toenails. [demonic ancestry]
    75 | D:1      | Reached XP level 2. HP: 20/24 MP: 2/2
   465 | D:2      | Reached XP level 3. HP: 7/29 MP: 3/3
   615 | D:2      | Gained mutation: You are surrounded by a mild repulsion field. (EV +2) [demonic ancestry]
   615 | D:2      | Reached XP level 4. HP: 18/36 MP: 4/4
  1193 | D:3      | You fall through a shaft!
  1197 | D:4      | Noticed Blork the orc
  1215 | D:4      | Killed Blork the orc
  1215 | D:4      | Reached skill level 1 in Armour
  1215 | D:4      | Gained mutation: Your flesh is cold resistant. (rC+) [demonic ancestry]
  1215 | D:4      | Reached XP level 5. HP: 32/42 MP: 5/5
  1232 | D:4      | Found a glowing silver altar of Zin.
  1244 | D:4      | Gained mutation: You sometimes gain a little power by taking damage. [demonic ancestry]
  1244 | D:4      | Reached XP level 6. HP: 23/48 MP: 6/6
  1330 | D:4      | Found a glowing drain.
  1411 | Sewer    | Entered a sewer
  2022 | D:4      | Noticed an ice beast
  2042 | D:4      | Slain by an ice beast

Vault maps used:
D:1:      dpeg_arrival_court, hex_intersection, st_stairs_9
D:2:      minivault_25, minmay_rat_hole
D:3:      grunt_temple_overflow_octagram
D:4:      zin_academy, minmay_temple_entry_glass, first_bread,
          cheibrodos_sewer_entry_drain, uniq_blork_the_orc
Sewer:    sewer_frog_island_02

Skill      XL: |  1  2  3  4  5  6 |
---------------+-------------------+-----
Polearms       | 3 4 |  4.9
Stealth        | 2 |  2.4
Dodging        | 3 4 |  4.0
Armour         | 1 2 |  2.2
Fighting       | 4 |  4.3

Action                   |  1- 3 |  4- 6 || total
-------------------------+-------+-------++-------
Melee: Spear             |   120 |   378 ||   498
       Kick              |    19 |    93 ||   112
  Use: Potion            |       |     2 ||     2
 Stab: Sleeping          |     3 |     1 ||     4
  Eat: Chunk             |       |     5 ||     5
Armor: Robe              |    15 |       ||    15
       Scale mail        |    13 |   123 ||   136
       Skin              |       |    71 ||    71
Dodge: Dodged            |    68 |   199 ||   267

Table legend:
 A = Spawn XP
 B = Non-spawn XP
 C = Spawn XP percentage of total XP
 D = Spawn monster count
 E = Non-spawn monster count
 F = Spawn count percentage of total count
 G = Total turns spent on level
                    A         B        C        D         E        F      G
               +---------+---------+-------+---------+---------+-------+---------
         Total |       0 |     720 |   0.0 |       0 |     136 |   0.0 |  2042
               +---------+---------+-------+---------+---------+-------+---------
           D:1 |       0 |      36 |   0.0 |       0 |      22 |   0.0 |   443
           D:2 |       0 |     130 |   0.0 |       0 |      45 |   0.0 |   744
           D:4 |       0 |     305 |   0.0 |       0 |      22 |   0.0 |   269
         Sewer |       0 |     249 |   0.0 |       0 |      47 |   0.0 |   580
               +---------+---------+-------+---------+---------+-------+---------
